[Event "*** Titled Tuesday Blitz"]
[Site "Chess.com"]
[Date "2020.11.10"]
[Round "10"]
[White "AnishOnYoutube"]
[Black "Chernobay_Artem"]
[Result "1-0"]
[WhiteElo "2968"]
[BlackElo "2662"]
[TimeControl "180+1"]
[EndTime "12:03:31 PST"]
[Termination "AnishOnYoutube won on time"]

1. e4 c5 2. Nf3 d6 3. d4 cxd4 4.
Nxd4 Nf6 5. Nc3 Nc6 6. Bg5 Bd7 7.
Nxc6 Bxc6 8. Bxf6 gxf6 9. Bb5 Bxb5 10. Nxb5 Qb6 11. Qd3 a6 12. Nc3 e6 13. O-O Be7 14. Kh1 Rc8 15. Rab1 h5 16. f4 h4 17. Qh3 Kd7 18.
f5 Rcg8 19. fxe6+ fxe6 20. Nd5 Qd4 21. Nf4 Qe5 22. Rbd1 Rg5 23. c4 Rhg8 24. c5 Rg4 25. Nd3 Qg5 26. cxd6 Bxd6 27. e5 Rxg2 28. Nf4 Rg4 29.
Rxd6+ Kc8 30. Rdd1 Qxe5 31. Qf3 Kb8 32. Rde1 Qxb2 33.
Nxe6 Rg2 34. Qh3 Qxa2 35. Nf4 Rf2 36. Qxh4 Rxf1+ 37. Rxf1 Qc4 38. Qf2 Qe4+ 39. Qf3 Qc2 40. Nd5 Rh8 41. Qf4+ Ka8 42. Qg3 Qe4+ 43. Qf3 Qc2 44. Qf4 Qc5 45. Qe4 Qc6 46. Nxf6 Qc3 47. Qf3 Qb2 48. Ng4 Rg8 49. Rf2 Qa1+ 50. Kg2 Qg7 51. h3 Qc7 52. Qf4 Qc6+ 53. Qf3 Qd6 54.
Re2 Rf8 55. Qg3 Qd5+ 56. Kh2 Rf3 57. Re8+ Ka7 58. Qg1+ b6 59. Re7+ Ka8 60. Qg2 Qd6+ 61. Re5 1-0

[Event "*** Titled Tuesday Blitz"]
[Site "Chess.com"]
[Date "2020.11.10"]
[Round "10"]
[White "Margarita2907"]
[Black "catzapto"]
[Result "0-1"]
[WhiteElo "2208"]
[BlackElo "2154"]
[TimeControl "180+1"]
[EndTime "12:03:31 PST"]
[Termination "catzapto won by resignation"]

1. e4 c5 2. Nf3 e6 3. d4 cxd4 4. Nxd4 Nf6 5. Nc3 Bb4 6. Bd3 Nc6 7. Nxc6 bxc6 8. O-O d5 9. e5 Nd7 10. f4 c5 11. Qg4 O-O 12. Qh5 g6 13. Qh6 c4 14. Be2 Re8 15. Be3 Bc5 16. Bxc5 Nxc5 17. Rf3 f5 18. Rh3 Qe7 19. Nb5 Ne4 20. c3 Qc5+ 21. Nd4 Qe7 22. Rf1 Qg7 23. Qh4 Bd7 24. Kh1 Qe7 25. Qe1 Rab8 26. Qc1 Rb7 27. b3 cxb3 28. axb3 Rc8 29. c4 Qc5 30. Qd1 a5 31. Rhf3 Qb4 32. Nc2 Qd2 33. Rd3 Qxd1 34. Bxd1 Bc6 35. Nd4 dxc4 36. bxc4 Rb2 37. Nxc6 Rxc6 38. Kg1 Rxc4 39. Bb3 Rc6 40. Ba4 Rcb6 41. Bd7 Kg7 42. Rc1 Rb1 43. Rdd1 Kf7 44. g3 Rxc1 45. Rxc1 Ke7 46.
Ra1 Kxd7 47. Rxa5 Kc6 48. Ra7 h5 49. Rg7 Kc5 50. Rxg6 Kd4 51. Rh6 Ke3 52. Rxh5 Kf3 53. h4 Kxg3 54. Kf1 Kxf4 55. Rh8 Kxe5 56. h5 Rb2 57. h6 Rh2 58. h7 Nf6 59. Ra8 Rxh7 60.
Ra5+ Nd5 61. Ra4 Rh2 62. Ra3 Rb2 0-1

[Event "*** Titled Tuesday Blitz"]
[Site "Chess.com"]
[Date "2020.11.10"]
[Round "10"]
[White "vrekhson"]
[Black "KacperPolOK"]
[Result "1/2-1/2"]
[WhiteElo "2212"]
[BlackElo "2416"]
[TimeControl "180+1"]
[EndTime "12:03:32 PST"]
[Termination "Game drawn - insufficient material"]

1. e4 g6 2. Nc3 b6 3. Bc4 Bg7 4. d3 Bb7 5. f4 e6 6. Nf3 Ne7 7.
Qe2 O-O 8. h4 d5 9. Bb3 a5 10.
a3 Na6 11. h5 Nc5 12. Ba2 dxe4 13. Nxe4 Nxe4 14. dxe4 Nc6 15. c3 Ba6 16. Qe3 Qd3 17.
Qxd3 Bxd3 18. Bb1 Rfd8 19. Bxd3 Rxd3 20. Ke2 Rad8 21. Be3 a4 22. hxg6 hxg6 23. Rad1 Rxd1 24. Rxd1 Rxd1 25. Kxd1 Na5 26. Nd2 Kf8 27. Kc2 Ke7 28.
b4 axb3+ 29. Nxb3 Nxb3 30. Kxb3 Kd6 31. Kc4 Kc6 32. a4 Bf8 33. g4 Ba3 34. f5 gxf5 35.
exf5 exf5 36. gxf5 Bd6 37. Bg5 Be5 38. Bh6 Kb7 39. Bd2 c6 40. Kd3 Ka6 41. c4 Bb2 42. Ke4 f6 43. Bb4 Be5 44. Bd2 Kb7 45. Bb4 Bb2 46.
c5 Ka6 47. cxb6 Kxb6 48. Bd2 Kc5 49. Be1 Kc4 50. Bd2 Be5 51. Be1 Bc7 52. Bd2 Kb3 53.
a5 Kc4 54. a6 Bb6 55. Be3 c5 56. Bg5 Kb5 57. Bxf6 Kxa6 58. Be7 Ba5 59. Kd3 Kb5 60. f6 c4+ 61. Kd4 Bd2 62. f7 Bh6 63. Bg5 Bg7+ 64. Kd5 c3 65. Ke6 c2 66. Bc1 Kc4 67. Ke7 Kb3 68.
f8=Q Bxf8+ 69. Kxf8 Ka2 70. Ke7 Kb1 71. Be3 c1=N 1/2-1/2

[Event "*** Titled Tuesday Blitz"]
[Site "Chess.com"]
[Date "2020.11.10"]
[Round "10"]
[White "Grineva_Marianna"]
[Black "RaneshRatnesan"]
[Result "0-1"]
[WhiteElo "2207"]
[BlackElo "2121"]
[TimeControl "180+1"]
[EndTime "12:03:32 PST"]
[Termination "RaneshRatnesan won by checkmate"]

1. e4 c5 2. Nf3 d6 3. d4 cxd4 4. Nxd4 Nf6 5. Nc3 a6 6. Bg5 e6 7. f4 Be7 8. Qd2 Qc7 9. O-O-O Nc6 10. h3 Bd7 11. Nf3 O-O-O 12. g4 h6 13. Bh4 Kb8 14. Bg3 Qa5 15. Kb1 Rc8 16. Bd3 Rhd8 17. Rhe1 Ka8 18. g5 hxg5 19. fxg5 Nh5 20. Bf2 Ne5 21. Nxe5 dxe5 22. h4 Bc6 23. Nd5 Qxd2 24. Nb6+ Kb8 25. Rxd2 Rc7 26. Red1 Nf4 27. a3 Be8 28. Bf1 Rxd2 29.
Rxd2 Bc6 30. Nc4 Bxe4 31. Nxe5 f6 32. gxf6 gxf6 33. Nc4 b5 34. Ne3 f5 35. h5 Bg5 36.
Bg3 Kb7 37. Rf2 e5 38. Nd1 Re7 39. Nc3 Nxh5 40. Nxe4 fxe4 41. Bh2 e3 42. Re2 Bf4 43. Bg1 Ng3 44. Bg2+ Kc7 45. Re1 e2 46. c3 Rd7 47.
Kc2 Rd2+ 48. Kb3 Rd1 49. Bf2 Bd2 50. Bxg3 Bxe1 51. Bxe5+ Kd8 52. Bf3 Bh4 53. Bxe2 Re1 54. Bd4 Rxe2 55. Bb6+ Kc8 56. Bd4 Kb7 57. c4 bxc4+ 58.
Kxc4 Be7 59. Bc3 Kc6 60. a4 Re4+ 61. Kb3 Rh4 62. a5 Kb5 63. Kc2 Rg4 64. Kd3 Bc5 65.
Kc2 Bb4 66. Kb3 Bxc3 67. bxc3 Kxa5 68. Kc2 Kb5 69. Kb3 Rc4 70. Kc2 a5 71. Kb3 a4+ 72.
Ka3 Rxc3+ 73. Kb2 Kb4 74. Ka2 a3 75. Kb1 Rh3 76. Kc1 Kb3 77. Kd2 a2 78. Kc1 a1=Q+ 79. Kd2 Qb2+ 80. Kd1 Rh1# 0-1

[Event "*** Titled Tuesday Blitz"]
[Site "Chess.com"]
[Date "2020.11.10"]
[Round "10"]
[White "RaunakSadhwani2005"]
[Black "Parhamov"]
[Result "1-0"]
[WhiteElo "3015"]
[BlackElo "2959"]
[TimeControl "180+1"]
[EndTime "12:03:36 PST"]
[Termination "RaunakSadhwani2005 won by resignation"]

1. e4 c5 2. Nc3 Nc6 3. Bb5 Nd4 4. Nf3 a6 5. Bd3 g6 6. Nxd4 cxd4 7. Ne2 Bg7 8. c3 dxc3 9. dxc3 d6 10. O-O Nf6 11.
c4 O-O 12. Nc3 Bd7 13. a4 a5 14. h3 Bc6 15. Be3 Nd7 16. Qd2 Nc5 17. Bc2 Qb6 18.
Nb5 Bxb5 19. cxb5 Bxb2 20. Rab1 Bg7 21. f4 Rac8 22. g4 Qd8 23. f5 Nd7 24. Bb3 Ne5 25.
Bg5 b6 26. Rf2 Kh8 27. Rbf1 Qc7 28. Kg2 Qc3 29. Qd1 Bf6 30. Bh6 Bh4 31. Bxf8 Rxf8 32. Rf3 Nxf3 33. Rxf3 Qb2+ 34. Qc2 Qxc2+ 35. Bxc2 Bf6 36.
Bb3 Kg7 37. Rf2 Rc8 38. Rc2 Rc5 39. Rxc5 dxc5 40. Kf3 Be5 41. g5 h6 42. gxh6+ Kxh6 43. Bxf7 gxf5 44. exf5 Kg5 45. Ke4 Bd4 46.
Bc4 Bf2 47. Ke5 Bd4+ 48. Ke6 Bf6 49. h4+ Kxh4 50. Kd5 Kg5 51. Kc6 Kxf5 52. Kxb6 e5 53. Kxa5 e4 54. b6 e3 55. Kb5 Ke4 56. a5 Kd4 57. a6 Be5 58. a7 Kc3 59. a8=Q 1-0

[Event "*** Titled Tuesday Blitz"]
[Site "Chess.com"]
[Date "2020.11.10"]
[Round "10"]
[White "Sibelephant"]
[Black "VerdeNotte"]
[Result "0-1"]
[WhiteElo "3072"]
[BlackElo "2910"]
[TimeControl "180+1"]
[EndTime "12:03:36 PST"]
[Termination "VerdeNotte won by resignation"]

1. d4 Nf6 2. Nf3 g6 3. g3 Bg7 4. Bg2 O-O 5. O-O d6 6. Nc3 d5 7. Re1 Ne4 8. Nxe4 dxe4 9. Ng5 Qxd4 10. Qxd4 Bxd4 11. c3 Bg7 12. Nxe4 Na6 13. Be3 c6 14. Red1 Bg4 15. Kf1 Rfe8 16. Rd2 Be6 17. Ng5 Bf5 18. Nf3 Nc7 19. Nd4 Bc8 20. Nb3 Bf6 21. Rad1 Ne6 22. Na5 Rf8 23. Bh3 Kg7 24. f4 h5 25. Bf2 g5 26. fxg5 Bxg5 27. Rd3 Nc5 28. Bd4+ Bf6 29. Bxc8 Nxd3 30. Bxb7 Nxb2 31. Rb1 Bxd4 32.
cxd4 Na4 33. Bxa8 Rxa8 34. Nxc6 e6 35. Rb7 Nc3 36. a3 a5 37. Ne5 a4 38. Rxf7+ Kg8 39. Rb7 Rd8 40. e3 Rc8 41. Ke1 Nd5 42. Kd2 Nc3 43.
Rb4 Ne4+ 44. Kd3 Nf2+ 45. Ke2 Rc2+ 46. Kf3 Nd1 47. Rxa4 Rf2+ 48. Ke4 Nc3+ 49. Kd3 Nxa4 50. Kc4 Rxh2 51. Kb4 Nb6 52. a4 Nd5+ 53. Kb5 Rb2+ 54. Kc5 Nxe3 55. a5 Nf5 56. a6 Nxg3 57. Nc4 Ra2 58.
Kb6 h4 59. Na5 Rb2+ 60. Kc7 Rc2+ 61. Kb7 Rb2+ 62. Kc7 Rf2 63. a7 Rf7+ 64. Kb6 Rxa7 65. Kxa7 h3 0-1

[Event "*** Titled Tuesday Blitz"]
[Site "Chess.com"]
[Date "2020.11.10"]
[Round "10"]
[White "pastouche06"]
[Black "wnstop"]
[Result "1/2-1/2"]
[WhiteElo "2526"]
[BlackElo "2693"]
[TimeControl "180+1"]
[EndTime "12:03:39 PST"]
[Termination "Game drawn - insufficient material"]

1. d4 Nf6 2. c4 g6 3. f3 Bg7 4. e4 O-O 5. Ne2 d6 6. Be3 a6 7. Nec3 c6 8. Nd2 b5 9. b4 Nbd7 10. Be2 e5 11. dxe5 dxe5 12. a4 bxc4 13. Nxc4 Qe7 14.
Rb1 Nh5 15. Qd6 Qxd6 16. Nxd6 Rd8 17. g3 Bf8 18. Nxc8 Raxc8 19. Bxa6 Rb8 20. b5 Bc5 21.
Ke2 Bxe3 22. Kxe3 Nc5 23. Rhd1 Rxd1 24. Nxd1 Nxa4 25. Ra1 cxb5 26. Bxb5 Rxb5 27. Rxa4 Rb1 28. Ra8+ Kg7 29. Rd8 Nf6 30. Rd2 Ng8 31. Kf2 Ne7 32.
Nc3 Ra1 33. Nd5 Nc6 34. Ne3 Nd4 35. Nc4 Nc6 36. Rd6 Nb4 37. Nxe5 Ra2+ 38. Kg1 Nc2 39. Rd7 Kf6 40. Nxf7 Ne3 41. Nd6 Ke6 42. Rd8 Rg2+ 43. Kh1 Ke7 44. Re8+ Kxd6 45. Rh8 Kd7 46. Rxh7+ Ke6 47.
Rh6 Rd2 48. h4 Kf7 49. h5 g5 50. Rg6 Rd1+ 51. Kh2 Rd2+ 52. Kh1 Rf2 53. Rxg5 Rxf3 54. h6 Rf1+ 55. Kh2 Rf2+ 56. Kg1 Rf1+ 57. Kh2 Rb1 58. h7 Rb2+ 59. Kh1 Rb8 60. Rg8 Rxg8 61. hxg8=Q+ Kxg8 62. g4 Nxg4 63. e5 Nxe5 1/2-1/2

[Event "*** Titled Tuesday Blitz"]
[Site "Chess.com"]
[Date "2020.11.10"]
[Round "10"]
[White "Nemsko"]
[Black "ehrenfeld"]
[Result "1-0"]
[WhiteElo "2370"]
[BlackElo "2463"]
[TimeControl "180+1"]
[EndTime "12:03:39 PST"]
[Termination "Nemsko won on time"]

1. e4 d6 2. d4 g6 3. Nc3 Bg7 4. Be3 a6 5. Qd2 b5 6. O-O-O Bb7 7. f3 Nd7 8. h4 h5 9. Nh3 e6 10. Kb1 Ngf6 11. Ng5 Qe7 12. Qf2 Rc8 13. Be2 c5 14. d5 exd5 15. Nxd5 Bxd5 16. exd5 O-O 17. Rhe1 Nb6 18.
Bc1 Qc7 19. g4 Rfe8 20. gxh5 Nxh5 21. f4 Nf6 22. f5 gxf5 23. Qxf5 Qd7 24. Qf3 Re5 25.
h5 Qf5 26. Qg2 Rce8 27. h6 Rxe2 28. Rxe2 Rxe2 29. Qxe2 Bxh6 30. Rg1 Bg7 31. Qg2 Qg6 32. Nh3 Qxg2 33. Rxg2 Kf8 34. Nf4 Nbxd5 35. Nxd5 Nxd5 36. Rd2 Nb4 37. Rxd6 Be5 38. Rd8+ Ke7 39. Rc8 Bd6 40. a3 Nd5 41. Ra8 f5 42. Rxa6 f4 43. Bd2 f3 44.
Be1 Ne3 45. Ra7+ Ke6 46. Ra8 Ng4 47. Re8+ Kf5 48. Rd8 Be5 49. Rd5 Ke4 50. Rd8 f2 51. Bxf2 Nxf2 52. Rc8 Bd4 53. Re8+ Kd5 54. c3 Be5 55.
Rd8+ Kc6 56. Kc2 Ne4 57. Re8 Kd5 58. Rd8+ Nd6 59. b3 Kc6 60. Rg8 c4 61. bxc4 bxc4 62. Rg6 Kd5 63. a4 Ne4 64. a5 Bxc3 65. a6 Bd4 66. Rh6 1-0

[Event "*** Titled Tuesday Blitz"]
[Site "Chess.com"]
[Date "2020.11.10"]
[Round "10"]
[White "Anton_Demchenko"]
[Black "olksuna"]
[Result "1-0"]
[WhiteElo "2832"]
[BlackElo "2639"]
[TimeControl "180+1"]
[EndTime "12:03:42 PST"]
[Termination "Anton_Demchenko won by resignation"]

1. e4 e5 2. Nf3 Nc6 3. Bc4 Nf6 4. d3 Be7 5. O-O O-O 6. Re1 d6 7. a4 a5 8. h3 h6 9. c3 Nh7 10. d4 Ng5 11. Nbd2 Bf6 12. Nxg5 Bxg5 13. Nf3 Bxc1 14.
Rxc1 Qf6 15. Bb5 Ne7 16. Nh2 Ng6 17. Re3 Nf4 18. Ng4 Qg5 19. Rg3 Nh5 20. Nf6+ Qxf6 21. Qxh5 c6 22. Bf1 Be6 23. Rd1 Kh7 24. Rdd3 g6 25. Qd1 Rad8 26. Rgf3 Qe7 27. Rfe3 Qf6 28.
Rd2 Rfe8 29. g3 Kg7 30. Bg2 h5 31. h4 Bc4 32. b3 Be6 33. c4 c5 34. dxc5 dxc5 35.
Red3 Rd4 36. Rxd4 cxd4 37. Rd3 Qe7 38. Qd2 f6 39. Qxa5 Bg4 40. Qd2 Qa3 41. Kh2 Qc5 42.
Qb2 b6 43. Rd2 Rc8 44. f3 Be6 45. Bf1 Qb4 46. Rc2 Rd8 47. Bd3 Qe1 48. Re2 Qf1 49. Qd2 Qh3+ 50. Kg1 Qxg3+ 51. Rg2 Qxh4 52. Qb4 Kh6 53.
Qe7 Qe1+ 54. Bf1 Bh3 55. Qxd8 Bxg2 56. Kxg2 Kg5 57. Qxb6 h4 58. Qd8 Qg3+ 59. Kh1 Qxf3+ 60. Kg1 Qf2+ 61. Kxf2 1-0

[Event "*** Titled Tuesday Blitz"]
[Site "Chess.com"]
[Date "2020.11.10"]
[Round "10"]
[White "JoachimMouhamad"]
[Black "ukchessbomber"]
[Result "0-1"]
[WhiteElo "2333"]
[BlackElo "2265"]
[TimeControl "180+1"]
[EndTime "12:03:44 PST"]
[Termination "ukchessbomber won on time"]

1. e4 g6 2. d4 Bg7 3. Nc3 d5 4. Nf3 dxe4 5. Nxe4 Nf6 6. Bd3 O-O 7. Nxf6+ exf6 8. O-O Nd7 9. c3 f5 10. Bf4 Nf6 11.
Be5 b6 12. a4 Bb7 13. a5 c5 14.
Re1 Re8 15. Bc4 Nd7 16. Bxg7 Kxg7 17. Rxe8 Qxe8 18. Ng5 Qe7 19. Qd2 h6 20. Nxf7 g5 21.
Re1 Qf6 22. Ne5 Rd8 23. Qe2 Re8 24. h3 cxd4 25. cxd4 Nxe5 26. dxe5 Qc6 27. f3 Qc5+ 28. Kh1 Qxa5 29. e6 Re7 30. Qe5+ Qxe5 31. Rxe5 Kf6 32.
Re1 Bc8 33. b4 Bxe6 34. Bf1 Bf7 35. Ra1 Ke5 36. Kg1 Kd4 37. b5 Kc5 38. Rc1+ Kd6 39. Rd1+ Kc7 40. Rc1+ Kb7 41. Ra1 Rc7 42. Kf2 Rc2+ 43. Ke3 Be8 44. Kd4 Rb2 45. Ke5 Bxb5 46. Kxf5 Bxf1 47. Rxf1 Rxg2 48. Kg6 a5 49. Kxh6 a4 50.
h4 gxh4 51. f4 b5 52. f5 Rg8 53. f6 b4 54. f7 Rf8 55. Kg7 Rxf7+ 56. Kxf7 Kb6 57.
Ke6 b3 58. Kd5 Kb5 59. Rf8 Kb4 60. Rb8+ Ka3 61. Kc4 h3 62. Kc3 h2 63. Rh8 b2 64.
Rb8 h1=Q 0-1

[Event "*** Titled Tuesday Blitz"]
[Site "Chess.com"]
[Date "2020.11.10"]
[Round "10"]
[White "exoticprincess"]
[Black "Karateloru"]
[Result "0-1"]
[WhiteElo "2866"]
[BlackElo "2760"]
[TimeControl "180+1"]
[EndTime "12:03:45 PST"]
[Termination "Karateloru won on time"]

1. e4 c5 2. d4 cxd4 3. c3 e6 4. cxd4 d5 5. e5 Nc6 6. Nc3 f6 7. Nf3 fxe5 8. Bb5 Bd7 9. Bxc6 Bxc6 10. Nxe5 Nf6 11. O-O Bd6 12. Re1 Bxe5 13. Rxe5 Bd7 14. Bf4 O-O 15. Re3 Qe7 16. Be5 Be8 17. Qe2 Qd7 18.
Re1 Bf7 19. h3 Rae8 20. Rg3 Bg6 21. Re3 Ne4 22. f3 Nxc3 23. Rxc3 Rc8 24. Kh2 Rxc3 25.
bxc3 Rc8 26. Qd2 h6 27. Re3 Kh7 28. g4 Qb5 29. h4 Qb1 30. h5 Bc2 31. Re2 Bd3 32.
Rg2 Bf1 33. Rg1 Qd3 34. Qf2 Be2 35. Re1 Bd1 36. Re3 Qc2 37. Kg3 Qxf2+ 38. Kxf2 Kg8 39. Ke1 Ba4 40. f4 Bd7 41. Kd2 Rc6 42. g5 Be8 43.
Rg3 Bxh5 44. gxh6 g6 45. Bf6 Kh7 46. Bg5 Ra6 47. f5 Rxa2+ 48. Kd3 gxf5 49. Re3 Bf7 50. Bf4 Rf2 51. Rg3 Bg6 52. Ke3 Rb2 53. Bc7 b6 54. Kf4 Re2 55. Kg5 Re4 56. Kf6 Rg4 57. Re3 Bh5 58. Ke7 f4 59. Rxe6 f3 60. Rf6 Re4+ 61.
Kf8 Re2 62. Be5 f2 63. Ke7 Bg6 0-1

[Event "*** Titled Tuesday Blitz"]
[Site "Chess.com"]
[Date "2020.11.10"]
[Round "10"]
[White "andrzej"]
[Black "hypert"]
[Result "1-0"]
[WhiteElo "2394"]
[BlackElo "2458"]
[TimeControl "180+1"]
[EndTime "12:03:45 PST"]
[Termination "andrzej won by resignation"]

1. e4 c5 2. Nf3 a6 3. c3 e6 4.
d4 d5 5. e5 Bd7 6. Bd3 Bb5 7.
O-O Bxd3 8. Qxd3 Nc6 9. Bf4 Qb6 10. Qe2 cxd4 11. cxd4 Nge7 12. Nc3 Nf5 13. Be3 h5 14. Rac1 Be7 15. Na4 Qb5 16. Qc2 Nb4 17. Qb3 Nc6 18.
Nc5 Bxc5 19. Rxc5 Qxb3 20. axb3 Kd7 21. Rfc1 Rhc8 22. Kf1 f6 23. exf6 gxf6 24. Ke2 Rg8 25. g3 Rac8 26. h3 e5 27. dxe5 fxe5 28. Rxd5+ Ke6 29.
Rdc5 Nxe3 30. Kxe3 Rcd8 31. h4 Rg4 32. Ng5+ Kf5 33.
Nf7 Re4+ 34. Kf3 Rd3+ 35. Kg2 Re2 36. R1c3 Nb4 37. Nh6+ Ke6 38. R5c4 Rxb2 39. Rxd3 Nxd3 40. Rc8 Rxf2+ 41. Kg1 Rb2 42. Re8+ Kd5 43. Nf7 Ke4 44. Ng5+ Ke3 45. Rf8 Rxb3 46. Rf3+ Ke2 47. Rf8 Rb1+ 48. Kg2 a5 49. Ne4 a4 50. Nc3+ Ke3 51. Nxb1 b5 52.
Ra8 Nc5 53. Ra5 a3 54. Nxa3 Kd4 55. Nxb5+ Kc4 56. Nc7 Kb4 57. Rxc5 Kxc5 58. Kf3 Kd6 59. Nb5+ Ke6 60. Nc3 Kf5 61. Ne4 Kg6 62. Ng5 Kf5 63.
Ne4 Kg6 64. Nf2 Kf5 65. Ke3 Kf6 66. Ke4 Ke6 67. Nd3 Kf6 68. Nxe5 Kg7 69. Nf3 Kh6 70. Kf4 Kg6 71. Ke5 Kh6 72. Kf5 Kg7 73. Kg5 1-0

[Event "*** Titled Tuesday Blitz"]
[Site "Chess.com"]
[Date "2020.11.10"]
[Round "10"]
[White "Vuk2000"]
[Black "Fandorine"]
[Result "1-0"]
[WhiteElo "2704"]
[BlackElo "2820"]
[TimeControl "180+1"]
[EndTime "12:03:47 PST"]
[Termination "Vuk2000 won by resignation"]

1. d4 Nf6 2. Bg5 g6 3. Bxf6 exf6 4. c4 d5 5. cxd5 Qxd5 6. Nc3 Bb4 7. e3 c5 8. Qa4+ Nc6 9. Qxb4 Nxb4 10. Nxd5 Nxd5 11. dxc5 Nb4 12. Kd2 Be6 13. Bb5+ Ke7 14. Ne2 Bxa2 15.
Nd4 Be6 16. Ra4 Nd5 17. c6 bxc6 18. Bxc6 Rab8 19. Rxa7+ Kd6 20. b3 Nb4 21. Bf3 Rhc8 22. Rha1 f5 23. R1a5 Bd7 24. h4 h5 25. g3 Rb6 26.
Rb7 Rxb7 27. Bxb7 Rb8 28. Bf3 Rb6 29. Kc3 Be8 30. Ra7 Bd7 31. Kc4 Na6 32. Rb7 Rxb7 33. Bxb7 Nc5 34. Bd5 Be8 35. b4 Na4 36. Bf3 Nb6+ 37.
Kc3 Bd7 38. Ne2 Na4+ 39. Kd4 Nb6 40. Nf4 Be8 41. Nd3 Nd7 42. Nb2 Nf8 43. Nc4+ Ke7 44. Kc5 Ne6+ 45. Kb6 f6 46. b5 g5 47.
Bc6 Bf7 48. Na5 f4 49. Ka7 fxe3 50. fxe3 Nc5 51. b6 Kd6 52. Bf3 Ke5 53. Nc6+ Kd6 54. Nd4 g4 55. Bg2 Ke5 56. b7 Nxb7 57. Kxb7 f5 58.
Kc6 Ba2 59. Kc5 Bb1 60. Bc6 Be4 61. Kc4 Bxc6 62. Nxc6+ Ke4 63. Ne7 f4 64. exf4 Kf3 65. f5 Ke4 66. f6 Kf3 67. Nf5 Kg2 1-0

[Event "*** Titled Tuesday Blitz"]
[Site "Chess.com"]
[Date "2020.11.10"]
[Round "10"]
[White "Chessalary"]
[Black "Rakhimzhan_Alen"]
[Result "1-0"]
[WhiteElo "2480"]
[BlackElo "2607"]
[TimeControl "180+1"]
[EndTime "12:03:49 PST"]
[Termination "Chessalary won by resignation"]

1. e4 e5 2. Nf3 Nc6 3. Bc4 Bc5 4. O-O Nf6 5. d3 d6 6. c3 O-O 7. h3 h6 8. Nbd2 a5 9. a4 Bb6 10. Bb3 Ne7 11. d4 Ng6 12. dxe5 Nxe5 13. Nxe5 dxe5 14.
Qe2 Qe7 15. Nf3 Bd7 16. Nh4 Be6 17. Bxe6 Qxe6 18. Nf5 Rfe8 19. Be3 Bxe3 20. Qxe3 Nd7 21. Rad1 Nf8 22. h4 Rad8 23. Qg3 Qf6 24. Qf3 Ne6 25. Rd5 b6 26. Rfd1 Nf4 27. Rxd8 Rxd8 28. Rxd8+ Qxd8 29. g3 Ne6 30. Qe2 Qd7 31. Qg4 Kf8 32. Nxg7 Qxa4 33. Nxe6+ fxe6 34. Qxe6 Qa1+ 35. Kg2 Qxb2 36. Qxe5 Qb3 37.
Qxc7 a4 38. Qd6+ Ke8 39. e5 Kf7 40. Qd7+ Kg6 41. g4 h5 42. Qf5+ Kg7 43. e6 Qc4 44. gxh5 a3 45. Qf7+ Kh8 46. Qf6+ Kh7 47. Qf5+ Kg7 48.
e7 Qc6+ 49. f3 Qe8 50. Qe5+ Kf7 51. h6 a2 52. h7 a1=Q 53. Qh5+ Kxe7 54. Qxe8+ Kxe8 55. h8=Q+ Kf7 56. Qe5 Qb2+ 57. Kg3 Qb1 58. h5 Kg8 59. Kg4 Kh7 60. Qf5+ Qxf5+ 61. Kxf5 Kh6 62. Ke6 Kxh5 63. f4 1-0

[Event "*** Titled Tuesday Blitz"]
[Site "Chess.com"]
[Date "2020.11.10"]
[Round "10"]
[White "DonPreuss"]
[Black "ErikBlomqvist"]
[Result "0-1"]
[WhiteElo "2227"]
[BlackElo "2436"]
[TimeControl "180+1"]
[EndTime "12:03:49 PST"]
[Termination "ErikBlomqvist won by resignation"]

1. d4 Nf6 2. Nc3 e6 3. e4 d5 4. exd5 Nfd7 5. dxe6 fxe6 6. Bd3 Nf6 7. Nf3 Bd6 8. O-O O-O 9. Bg5 Nc6 10. Qd2 Qe8 11. Rae1 Qh5 12. Bf4 Bd7 13. Bxd6 cxd6 14. Ne4 Nxe4 15. Rxe4 Rxf3 16. gxf3 Rf8 17. Rg4 e5 18.
Bc4+ Kh8 19. Qg5 Bxg4 20. Qxg4 Qe8 21. c3 Rf4 22. Qe6 Qf8 23. Be2 exd4 24. cxd4 Nxd4 25. Qe3 h6 26. Bd1 Rh4 27. Re1 Qf6 28. Qe8+ Kh7 29.
Kh1 Qf4 30. Qe4+ Qxe4 31. Rxe4 Rxe4 32. fxe4 Kg6 33. f4 Kf6 34. Kg1 g5 35. f5 Ke5 36.
Kf2 Kxe4 37. f6 Ke5 38. f7 Ne6 39. Bg4 Nf8 40. Ke3 Kf6 41. Bh5 Ke5 42. Kd3 d5 43. Ke3 Nd7 44. Bg6 Nf8 45. Bh5 b6 46. b4 a5 47. bxa5 bxa5 48. a3 Nh7 49. Kd3 Nf8 50.
Ke3 Kd6 51. Kd4 Ne6+ 52. Kd3 Ke5 53. Ke3 d4+ 54. Kd2 Ke4 55. Bg4 Nf8 56. Bh5 Kf4 57. h3 Ke5 58. Kd3 Kd5 59. Kd2 Kc4 60.
Kc2 a4 61. Bg4 d3+ 62. Kd2 Kd4 63. Bf5 Kc4 64. Bxd3+ Kb3 65. Bf5 Kxa3 66. Kd3 Kb2 67. Kd4 a3 68. Ke5 a2 69. Be6 a1=Q 0-1

[Event "*** Titled Tuesday Blitz"]
[Site "Chess.com"]
[Date "2020.11.10"]
[Round "10"]
[White "Jospem"]
[Black "BogdanDeac"]
[Result "0-1"]
[WhiteElo "2910"]
[BlackElo "2827"]
[TimeControl "180+1"]
[EndTime "12:03:54 PST"]
[Termination "BogdanDeac won by checkmate"]

1. e4 e5 2. Nf3 Nc6 3. Bb5 Nf6 4. d3 Bc5 5. c3 d5 6. Nbd2 dxe4 7. dxe4 O-O 8. O-O a5 9. a3 Qe7 10. Rb1 Rd8 11. Qc2 Bd7 12. b4 axb4 13. axb4 Bd6 14. Be2 Bg4 15. Nc4 Bh5 16. Bg5 h6 17. Bh4 g5 18. Bg3 Bg6 19. Nfd2 Nh5 20. Ne3 Nf4 21. Bc4 h5 22. h3 Nb8 23. Nf5 Qf6 24. Rfe1 Nd7 25. Nf1 Nb6 26. Bb3 c5 27. N1e3 cxb4 28.
cxb4 Bxf5 29. Nxf5 Bf8 30. h4 g4 31. Red1 Ne6 32.
Qb2 Nd4 33. Nxd4 exd4 34. e5 Qg6 35. e6 fxe6 36. Re1 Nd5 37. Qxd4 Bxb4 38. Rec1 Ba3 39. Bc2 Qf6 40. Be5 Qf7 41. Rd1 Rac8 42. Be4 Bc5 43. Qb2 Ne7 44. Rxd8+ Rxd8 45. Rc1 b6 46. Re1 Rf8 47. Bg3 Nf5 48. Bxf5 exf5 49. Bf4 Re8 50. Rd1 Qe6 51. Qc2 Kf7 52. g3 Kg6 53. Qc1 Qe4 54. Rf1 Qf3 55. Bc7 Re2 56. Qg5+ Kf7 57. Qxh5+ Ke7 58. Qh7+ Ke6 59. Qg8+ Kd7 60. Rd1+ Kxc7 61.
Qd8+ Kb7 62. Qd7+ Kb8 63. Qd8+ Kb7 64. Qd7+ Ka6 65. Ra1+ Ba3 66. Qc8+ Kb5 67. Qd7+ Ka5 68. Qa7+ Kb5 69. Qxa3 Qxf2+ 70. Kh1 Qg2# 0-1

[Event "*** Titled Tuesday Blitz"]
[Site "Chess.com"]
[Date "2020.11.10"]
[Round "10"]
[White "AlexeiShirov"]
[Black "Azerichess"]
[Result "0-1"]
[WhiteElo "2818"]
[BlackElo "2981"]
[TimeControl "180+1"]
[EndTime "12:03:55 PST"]
[Termination "Azerichess won on time"]

1. e4 e5 2. Nf3 Nc6 3. Bb5 g6 4. d4 exd4 5. Bg5 Be7 6. Bxe7 Qxe7 7. Bxc6 dxc6 8. Qxd4 Nf6 9. Nc3 Bg4 10. Nd2 c5 11. Qe3 O-O-O 12. h3 Bd7 13. O-O-O Bc6 14. g4 b6 15. f3 h5 16. Nc4 Kb7 17. Rxd8 Rxd8 18.
Rd1 Rxd1+ 19. Kxd1 Nh7 20. f4 hxg4 21. hxg4 Qd7+ 22.
Kc1 Qxg4 23. Ne5 Qe6 24. Nxc6 Qxc6 25. a4 Nf6 26. b3 a6 27. Kb2 b5 28. axb5 axb5 29.
Qd3 b4 30. Nd5 Nxd5 31. exd5 Qf6+ 32. Kb1 Kb6 33. Qe4 Qd4 34. Qf3 c4 35. bxc4 Kc5 36.
f5 g5 37. Qe2 f6 38. Qe6 b3 39.
Qc6+ Kb4 40. Qb5+ Kc3 41. Qxb3+ Kd2 42. c5 Qxc5 43. Qd3+ Ke1 44. c4 Kf2 45. Qe4 Qb4+ 46. Kc2 Qa4+ 47. Kd2 Qa2+ 48. Kc3 Qa3+ 49. Kc2 Qa2+ 50.
Kc3 Qa1+ 51. Kc2 Qa4+ 52. Kc3 Qa5+ 53. Kc2 Qc5 54. Kd3 Qd6 55. Qd4+ Kg2 56. c5 Qd7 57. Qe4+ Kg3 58. Qe6 Qb5+ 59. Kd4 Qb4+ 60. Kd3 Qxc5 61. Qxf6 Qxd5+ 62. Ke3 Qc5+ 63. Ke4 Qc4+ 64. Ke3 Qb3+ 65. Ke4 Qb4+ 66. Ke3 Qe1+ 67. Kd3 Kf4 0-1

[Event "*** Titled Tuesday Blitz"]
[Site "Chess.com"]
[Date "2020.11.10"]
[Round "10"]
[White "azikom"]
[Black "alexrustemov"]
[Result "1-0"]
[WhiteElo "2571"]
[BlackElo "2698"]
[TimeControl "180+1"]
[EndTime "12:04:01 PST"]
[Termination "azikom won by resignation"]

1. d4 d5 2. Nf3 Nf6 3. Bf4 e6 4. e3 c5 5. Nbd2 Bd6 6. Bxd6 Qxd6 7. dxc5 Qxc5 8. c4 O-O 9. cxd5 Qxd5 10. Bc4 Qd6 11.
O-O Nc6 12. Rc1 Bd7 13. a3 Rfd8 14. Be2 Ne5 15. Nxe5 Qxe5 16. Nf3 Qxb2 17. Rc7 Bb5 18. Nd4 Bxe2 19. Qxe2 Qxe2 20. Nxe2 Rd7 21. Rfc1 b5 22. Nd4 a6 23. h3 Kf8 24. Rxd7 Nxd7 25. Rc7 Nb6 26. Rc6 Nd5 27. Nb3 a5 28. Nd4 b4 29.
axb4 Nxb4 30. Rc4 Nd5 31. Nb5 a4 32. Na3 Ke7 33. g4 Kd7 34. Kg2 Nb6 35. Rb4 Kc6 36.
g5 Rd8 37. Rh4 Rd3 38. Nc2 Rd2 39. Na3 Kc5 40. Rf4 Rd7 41. h4 g6 42. Kf3 e5 43.
Rg4 Rd3 44. Nc2 a3 45. Re4 a2 46. Rxe5+ Kc4 47. Ra5 Kb3 48. Rxa2 Rd2 49. Ra6 Nc4 50. Nd4+ Kc3 51. Ra7 Kd3 52. Re7 Ra2 53. Nc6 Nd2+ 54. Kg4 Ne4 55. Nb4+ Ke2 56. Rxe4 Ra4 57. Rf4 Ra7 58.
Nd5 Rd7 59. Nf6 Rd1 60. Nxh7 Rg1+ 61. Kh3 Kf1 62. Rxf7 Rh1+ 63. Kg3 Ke2 64. Nf8 Rg1+ 65.
Kh2 Kf1 66. Nxg6 Rg4 67. Kh3 Rg1 68. Ra7 Rh1+ 69. Kg4 Ke2 70. f4 Rg1+ 71. Kh5 Kxe3 72. f5 Ke4 73. f6 Rf1 74. f7 1-0